Map: Ascension to Aiur LE

Players

Andersone

  • Race: Protoss Protoss
  • League: Diamond
  • Spawn Location: 11:00

Tomma - Winner!

  • Race: Zerg Zerg
  • League: Diamond
  • Spawn Location: 5:00

VOD

Have the link to the VOD?

Description

Time

  • Played on: Dec. 9, 2017, 4:45 p.m.
  • Length: 10:01
Show
View Real Time Build Order
Export as new Build Order

Andersone Protoss 

Build Orders: 1 Gate Expand, Oracle Opening 

Get SALT Encoding   

  12  0:00  Probe  
  13  0:13  Probe  
  14  0:21  Pylon  
  14  0:25  Probe (Chrono Boost)  
  15  0:40  Gateway  
  15  0:41  Probe (Chrono Boost)  
  16  0:46  Probe (Chrono Boost)  
  17  0:50  Assimilator  
  17  0:55  Probe (Chrono Boost)  
  18  1:07  Probe (Chrono Boost)  
  19  1:14  Probe (Chrono Boost)  
  20  1:21  Probe  
  21  1:31  Nexus  
  21  1:40  Cybernetics Core  
  21  1:45  Probe  
  22  1:52  Assimilator  
  22  1:55  Pylon  
  22  1:59  Probe  
  23  2:14  Probe  
  24  2:18  Stalker (Chrono Boost)  
  24  2:20  Warp Gate (Chrono Boost)  
  26  2:26  Probe  
  27  2:38  Probe, Stalker (Chrono Boost)  
  27  2:43  Probe  
  30  2:51  Probe  
  31  2:55  Probe  
  31  2:58  Gateway  
  32  3:03  Probe  
  32  3:04  Stargate  
  33  3:07  Probe  
  34  3:15  Probe  
  34  3:19  Probe  
  36  3:27  Probe  
  36  3:31  Probe  
  38  3:39  Probe  
  39  3:43  Probe  
  39  3:45  Pylon  
  39  3:47  Oracle (Chrono Boost)  
  43  3:51  Probe  
  43  3:54  Gateway  
  44  3:55  Probe  
  45  4:08  Probe x2  
  47  4:10  Assimilator  
  47  4:15  Pylon, Assimilator  
  47  4:20  Phoenix  
  49  4:24  Probe x2  
  49  4:25  Adept  
  49  4:30  Pylon  
  53  4:32  Pylon  
  53  4:35  Adept  
  55  4:49  Probe  
  55  4:50  Probe  
  57  4:59  Adept x2  
  61  5:01  Probe  
  62  5:09  Nexus  
  62  5:10  Twilight Council  
  62  5:11  Pylon, Probe, Robotics Facility  
  62  5:14  Probe, Pylon  
  64  5:23  Probe  
  64  5:26  Probe  
  66  5:29  Pylon  
  66  5:30  Pylon  
  66  5:35  Probe  
  67  5:38  Probe  
  67  5:39  Adept x2  
  67  5:40  Pylon  
  72  5:44  Shield Battery  
  72  5:46  Shield Battery  
  72  5:47  Probe  
  73  5:50  Probe  
  73  5:55  Gateway  
  73  5:56  Gateway  
  74  5:57  Gateway  
  74  5:59  Probe  
  74  6:02  Probe  
  76  6:09  Robotics Facility  
  76  6:11  Probe  
  76  6:14  Probe  
  78  6:19  Immortal (Chrono Boost)  
  82  6:32  Probe  
  83  6:33  Adept x2  
  87  6:48  Charge (Chrono Boost), Forge  
  87  6:50  Immortal (Chrono Boost), Forge  
  91  6:54  Probe x3  
  91  6:56  Assimilator  
  94  7:01  Assimilator  
  94  7:02  Immortal (Chrono Boost)  
  94  7:06  Probe  
  99  7:14  Zealot x4  
  99  7:15  Zealot  
  109  7:16  Probe  
  109  7:17  Probe  
  109  7:21  Probe  
  112  7:28  Probe  
  112  7:29  Immortal  
  117  7:30  Protoss Ground Weapons Level 1 (Chrono Boost)  
  117  7:31  Protoss Ground Armor Level 1 (Chrono Boost)  
  117  7:36  Zealot  
  119  7:43  Pylon  
  119  7:45  Pylon  
  119  7:46  Gateway  
  119  7:48  Gateway  
  119  7:54  Gateway  
  119  7:56  Zealot x5  
  129  8:07  Templar Archives  
  129  8:11  Immortal  
  133  8:18  Zealot x5  
  125  8:40  Zealot x4  
  125  8:41  Zealot  
  97  8:52  Immortal (Chrono Boost)  
  97  8:53  Immortal (Chrono Boost)  
  98  9:02  High Templar x8  
  107  9:08  Archon x4  
  103  9:33  Pylon  
  103  9:36  Pylon  
  84  9:40  Pylon  
  84  9:42  Pylon  
  59  9:47  Zealot x5  
Show
View Real Time Build Order
Export as new Build Order

Tomma Zerg - Winner!

Build Orders: Hatch First 

Get SALT Encoding   

  12  0:01  Drone  
  13  0:13  Overlord  
  13  0:23  Drone  
  14  0:31  Drone x2  
  16  0:38  Drone  
  17  0:53  Hatchery  
  17  0:56  Drone  
  17  0:59  Drone  
  18  1:04  Extractor  
  17  1:16  Spawning Pool  
  17  1:18  Drone  
  17  1:21  Drone  
  18  1:31  Drone  
  19  1:40  Overlord  
  19  2:02  Queen  
  19  2:03  Zergling x4  
  19  2:05  Queen  
  19  2:06  Zergling x2  
  26  2:09  Metabolic Boost  
  26  2:13  Drone  
  27  2:18  Drone  
  28  2:23  Drone  
  28  2:29  Overlord  
  29  2:34  Drone  
  30  2:50  Overlord  
  30  2:57  Hatchery  
  30  2:58  Drone x2  
  30  3:00  Drone  
  30  3:03  Drone  
  33  3:13  Overlord  
  33  3:14  Drone x2  
  35  3:30  Evolution Chamber, Roach Warren, Drone x2  
  35  3:32  Drone  
  35  3:34  Drone  
  37  3:36  Drone  
  37  3:39  Drone  
  39  3:41  Drone  
  40  4:04  Drone x3  
  40  4:05  Drone x7  
  40  4:08  Lair  
  50  4:10  Drone  
  50  4:11  Drone  
  50  4:16  Zerg Missile Weapons Level 1  
  52  4:20  Extractor  
  52  4:21  Extractor  
  52  4:22  Drone x3  
  53  4:27  Extractor  
  53  4:28  Roach  
  54  4:40  Drone  
  54  4:41  Drone x2  
  54  4:45  Drone  
  58  4:46  Overlord x3  
  58  4:52  Spore Crawler  
  57  4:53  Drone  
  57  4:55  Drone x2  
  57  4:56  Spore Crawler  
  57  4:57  Overlord, Roach  
  58  5:00  Spore Crawler, Drone  
  58  5:04  Drone  
  58  5:05  Drone x2  
  61  5:13  Drone x4  
  65  5:15  Extractor  
  65  5:18  Queen  
  66  5:26  Glial Reconstitution  
  66  5:27  Drone  
  66  5:28  Drone x3  
  68  5:30  Drone  
  68  5:32  Drone  
  71  5:36  Drone x3  
  71  5:37  Drone  
  75  5:43  Roach x2  
  75  5:44  Roach  
  75  5:47  Overlord  
  81  5:54  Overlord  
  81  6:00  Overlord x3  
  81  6:07  Roach x2  
  81  6:09  Roach x2  
  89  6:11  Zerg Missile Weapons Level 2  
  89  6:13  Roach x2  
  89  6:14  Roach  
  95  6:19  Roach x3  
  95  6:21  Ravager x2  
  95  6:22  Ravager x2  
  107  6:25  Roach  
  107  6:26  Roach x2  
  107  6:27  Roach  
  107  6:30  Roach  
  107  6:31  Roach  
  117  6:34  Roach  
  117  6:35  Roach  
  121  6:43  Overlord x4  
  121  6:48  Overlord  
  121  6:57  Overlord x2  
  121  7:00  Overlord  
  121  7:03  Roach x3  
  121  7:04  Roach  
  121  7:07  Roach x3  
  135  7:09  Overseer, Roach  
  137  7:16  Overseer  
  137  7:17  Overlord  
  137  7:20  Roach  
  137  7:21  Roach x2  
  143  7:24  Roach x4  
  143  7:25  Roach  
  143  7:29  Roach  
  155  7:32  Roach  
  155  7:35  Roach x3  
  163  7:39  Roach x2  
  167  7:44  Roach  
  167  7:48  Roach x2  
  167  7:49  Roach x2  
  177  7:59  Roach x4  
  177  8:00  Roach x2  
  177  8:04  Overlord, Roach x2  
  177  8:05  Overlord  
  191  8:14  Roach  
  191  8:18  Overlord x3  
  191  8:19  Overlord  
  193  8:23  Roach x3  
  191  8:37  Roach  
  191  8:38  Roach x6  
  193  8:48  Roach x3  
  179  8:56  Roach x4  
  179  9:01  Roach x5  
  197  9:09  Roach  
  199  9:19  Overlord x3  
  199  9:38  Roach x6  
Tags
 
Add a new tag
Caveats
  • Supply blocks, unpowered buildings, or Contaminate may cause inaccurate times.
  • Supply counts are checked every 10 seconds.